AoeStats
← huh?

Arena

509050224Analyzed
4v4 RM · 6d ago on Sep 25, 2026· 39m 2s· 8 players
Game mode
Random Map
Map size
Large (8 player)
Population
200
Speed
Normal
Resources
Standard
Victory
Conquest
Starting age
Dark Age
Ending age
Imperial Age
RankedLock teamsTeams togetherTeam positionsShared explorationLock speedFull tech treeHidden civsTurbo modeCheats
Victory
Defeat
🇨🇳 Spanish · China
913
+13
🇨🇳 Celts · China
880
+14
🇨🇳 Slavs · China
823
+17
🇨🇳 Bohemians · China
753
+20
🇻🇳 Romans · Vietnam
919
-19
🇨🇳 Varangians · China
845
-16
🇪🇸 Franks · Spain
809
-15
🇨🇳 Britons · China
802
-14
海恩.塞弗罗
10:57 Feudal Age
12:41 Wheelbarrow
15:15 Castle Age
14:40 Horse Collar
22:09 Double-Bit Axe
25:20 Hand Cart
27:42 Imperial Age
25:00 Town Watch
25:19 Gold Mining
26:00 Bow Saw
25:53 Heavy Plow
26:36 Padded Archer Armor
26:44 Scale Barding Armor
26:50 Forging
27:37 Thumb Ring
29:40 Chemistry
29:02 Ballistics
29:54 Stone Mining
31:00 Murder Holes
32:14 Conscription
31:16 Elite Conquistador
32:40 Husbandry
32:50 Bloodlines
32:36 Loom
32:54 Town Patrol
34:16 Stone Shaft Mining
34:47 Two-Man Saw
36:02 Leather Archer Armor
37:36 Elite Conquistador
葛津津
12:36 Feudal Age
13:27 Horse Collar
16:41 Castle Age
18:33 Double-Bit Axe
21:54 Stone Mining
22:18 Bow Saw
27:41 Scale Mail Armor
28:07 Gold Mining
29:57 Chain Mail Armor
33:31 Imperial Age
31:39 Wheelbarrow
33:44 Gold Shaft Mining
33:45 Stone Shaft Mining
33:37 Hand Cart
33:32 Elite Woad Raider
34:28 Forging
34:49 Plate Mail Armor
35:44 Loom
huh?
11:55 Feudal Age
17:53 Castle Age
16:58 Loom
18:58 Horse Collar
20:33 Wheelbarrow
19:46 Town Watch
19:54 Double-Bit Axe
21:25 Bow Saw
22:52 Heavy Plow
24:55 Padded Archer Armor
26:02 Masonry
30:30 Imperial Age
27:40 Elite Skirmisher
31:09 Fletching
35:59 Leather Archer Armor
37:06 Town Patrol
37:21 Hand Cart
39:33 Chemistry
38:54 Ballistics
38:40 Siege Engineers
39:06 Architecture
2932678840
9:17 Feudal Age
9:47 Double-Bit Axe
9:45 Horse Collar
15:34 Loom
18:05 Castle Age
16:22 Stone Mining
16:52 Forging
19:28 Bow Saw
19:33 Scale Mail Armor
20:13 Iron Casting
19:48 Heavy Plow
21:13 Wheelbarrow
20:40 Gold Mining
22:06 Chain Mail Armor
23:23 Gold Shaft Mining
26:32 Pikeman
30:30 Imperial Age
29:34 Hand Cart
30:13 Scale Barding Armor
31:14 Chain Barding Armor
31:48 Conscription
32:48 Blast Furnace
32:49 Crop Rotation
34:21 Plate Barding Armor
34:46 Detinets
34:14 Capped Ram
36:06 Two-Man Saw
36:09 Plate Mail Armor
35:04 Halberdier
35:47 Squires
37:11 Elite Boyar
Stanislaus1234
2:07 Loom
10:42 Feudal Age
13:46 Wheelbarrow
17:51 Castle Age
18:13 Double-Bit Axe
20:05 Hand Cart
20:56 Bow Saw
25:49 Town Watch
28:48 Town Patrol
30:46 Caravan
31:46 Fortified Wall
33:19 Forging
34:51 Gold Mining
35:04 Squires
36:20 Iron Casting
35:47 Scale Mail Armor
40:18 Imperial Age
phihanoi
0:40 Loom
11:34 Feudal Age
12:05 Double-Bit Axe
12:58 Wheelbarrow
21:06 Castle Age
18:35 Man-at-Arms
19:56 Horse Collar
21:29 Pikeman
25:51 Bow Saw
35:01 Imperial Age
33:33 Ballistics
34:54 Ballistas
35:16 Hand Cart
35:22 Heavy Scorpion
菜鸟驿站
11:55 Feudal Age
15:30 Double-Bit Axe
19:06 Castle Age
18:24 Horse Collar
19:02 Fletching
21:12 Gold Mining
21:13 Stone Mining
34:49 Imperial Age
36:50 Padded Archer Armor
37:52 Bodkin Arrow
38:12 Leather Archer Armor
李世民
2:12 Loom
Connection lost

Rejoining the realm…

Still unreachable

The connection could not be restored.

Session expired

The server has moved on; the page needs a fresh start.